 Dungeon Crawl Stone Soup version 0.27-a0-590-g94244163b4 (webtiles) character file.

Game seed: 16687590833482661920

105 sanka the Changer (level 4, 0/32 HPs)
             Began as a Vampire Transmuter on Mar 10, 2021.
             Succumbed to an adder's poison
             ... on level 2 of the Dungeon.
             The game lasted 00:02:13 (1278 turns).

sanka the Changer (Vampire Transmuter)              Turns: 1278, Time: 00:02:13

Health: 0/32       AC:  2    Str:  9    XL:     4   Next: 54%
Magic:  7/7        EV: 12    Int: 15    God:
Gold:   58         SH:  0    Dex: 15    Spells: 1/7 levels left

rFire    . . .     SeeInvis +     - Unarmed
rCold    . . .     Faith    .   (no shield)
rNeg     . . .     Spirit   .   a - +0 robe
rPois    .         Reflect  .   (no helmet)
rElec    .         Harm     .   (no cloak)
rCorr    .         Rampage  .   (no gloves)
Will     .....                  (no boots)
Stlth    +.........             (no amulet)
HPRegen  0.30/turn              (no ring)
MPRegen  0.10/turn              (no ring)

@: lethally poisoned (0 -> -8), regenerating quickly
A: fangs 3, see invisible, unbreathing 1
a: Exsanguinate


You were on level 2 of the Dungeon.
You visited 1 branch of the dungeon, and saw 2 of its levels.

You collected 58 gold pieces.


Innate Abilities, Weirdness & Mutations

Your natural rate of healing is unusually fast.
You have razor-sharp teeth.
You have supernaturally acute eyesight. (SInv)
You can survive without breathing.


   Skills:
 - Level 1.0 Fighting
 - Level 2.1 Dodging
 - Level 4.0 Unarmed Combat
 - Level 2.0 Spellcasting
 + Level 4.3 Transmutations
 + Level 1.4 Poison Magic


You had one spell level left.
You knew the following spells:

 Your Spells              Type           Power      Damage    Failure   Level
x - Spider Form           Tmut/Pois      5%         N/A       21%         3
y - Wereblood             Tmut           14%        N/A       6%          2
z - Beastly Appendage     Tmut           28%        N/A       3%          1

Your spell library contained the following spells:

 Spells                   Type           Power      Damage    Failure   Level
 Ice Form                 Ice/Tmut       7%         N/A       67%         4
 Blade Hands              Tmut           7%         N/A       71%         5

Inventory:

Armour
 a - a +0 robe (worn)
Scrolls
 b - 2 scrolls of random uselessness {unknown}
 c - a scroll of amnesia {unknown}
 d - a scroll of immolation {unknown}
 e - 2 scrolls of teleportation {unknown}

Dungeon Overview and Level Annotations

Branches:
Dungeon (2/15)

Altars:

▒.▒▒▒..▒▒
....▒▒▒......
.[▒▒.......
..▒..▒▒▒▒▒▒▒▒
▒......▒.▒ ▒▒
....▒▒▒▒▒
▒▒▒▒.†..▒▒^.▒
▒......▒▒
▒....£.b..b.▒
▒†...
..>.▒▒▒▒g▒▒▒▒▒
▒....▒▒. ...
▒S▒▒ ....▒.▒
▒▒ . ▒..▒ ▒▒▒
▒. ▒ ▒▒V▒ . .
▒...▒ .. .
▒..▒▒ ▒. ..
▒▒▒▒ ▒. ..


You could see an adder, a goblin and a bat.


Message History

* * * LOW HITPOINT WARNING * * *
You are lethally poisoned!
The adder poisons you! The adder misses you.
You miss the adder.
The adder is severely wounded.
* * * LOW HITPOINT WARNING * * *
You feel sick. The adder bites you.
* * * LOW HITPOINT WARNING * * *
Unknown command.
You hit the adder but do no damage.
The adder is severely wounded.
* * * LOW HITPOINT WARNING * * *
You feel sick. The adder closely misses you.
Unknown command.
You barely miss the adder.
The adder is severely wounded.
* * * LOW HITPOINT WARNING * * *
You feel sick. The adder barely misses you.
Unknown command.
You aren't carrying any potions.
Unknown command.
You aren't carrying any potions.
* * * LOW HITPOINT WARNING * * *
You feel sick. The adder misses you.
You die...

Action                   |  1- 3 |  4- 6 || total
-------------------------+-------+-------++-------
Melee: Unarmed           |    87 |    36 ||   123
       Kick              |    12 |       ||    12
       Headbutt          |    13 |       ||    13
       Bite              |     5 |     2 ||     7
       Punch             |       |     1 ||     1
 Cast: Beastly Appendage |    14 |       ||    14
       Spider Form       |     1 |       ||     1
 Stab: Sleeping          |     2 |       ||     2
Armor: Robe              |    23 |     8 ||    31
Dodge: Dodged            |    62 |    34 ||    96

Levels and vault maps discovered:
D:1:      wander_arrival_fairy_ring, layout_loops_ring
D:2:      layout_rooms

Notes
Turn   | Place    | Note
-------+----------+-------------------------------------------
     0 | D:1      | sanka the Vampire Transmuter began the quest for the Orb.
     0 | D:1      | Reached XP level 1. HP: 14/14 MP: 3/3
    38 | D:1      | Reached skill level 1 in Fighting
   192 | D:1      | Reached XP level 2. HP: 14/21 MP: 3/5
   199 | D:1      | Reached skill level 4 in Unarmed Combat
   840 | D:2      | Reached skill level 3 in Transmutations
   990 | D:2      | Reached XP level 3. HP: 26/26 MP: 4/6
  1087 | D:2      | Learned a level 2 spell: Wereblood
  1091 | D:2      | Learned a level 3 spell: Spider Form
  1167 | D:2      | Reached skill level 4 in Transmutations
  1167 | D:2      | Reached XP level 4. HP: 32/32 MP: 4/7
  1169 | D:2      | Reached skill level 1 in Poison Magic
  1275 | D:2      | HP: 3/32 [poisoned by an adder]
  1277 | D:2      | HP: 1/32 [poisoned by an adder]
  1278 | D:2      | Succumbed to an adder's poison

Vanquished Creatures
  4 gnolls (D:2)
  3 adders (D:2)
  2 dart slugs (D:2)
  A leopard gecko (D:1)
  A ball python (D:2)
  4 bats
  2 giant cockroaches
  6 hobgoblins
  4 frilled lizards
  3 goblins
  5 kobolds
  3 rats
38 creatures vanquished.
